[Event "Late-Titled-Tuesday-Blitz-September-12-2023"]
[Site "Chess.com"]
[Date "2023.09.12"]
[Round "5"]
[White "Korchmar_Vasiliy"]
[Black "Jospem"]
[Result "0-1"]
[WhiteElo "2697"]
[BlackElo "3095"]
[TimeControl "180+1"]
[EndTime "14:53:26 PDT"]
[Termination "Jospem won by resignation"]

1. e4 c5 2. d4 cxd4 3. Qxd4 Nc6 4. Qd3 Nf6 5. Nc3 d6 6. Nf3 e6 7. Bf4 e5 8. Bg5 Be6 9. O-O-O a6 10. Kb1 Rc8 11.
a3 h6 12. Bxf6 Qxf6 13. Nd5 Qd8 14. h4 Be7 15. g3 O-O 16. Bh3 Re8 17. g4 Bxh4 18.
Nxh4 Qxh4 19. g5 Bxh3 20. gxh6 g6 21. Rxh3 Qd8 22. Rg1 Kh8 23. Qf3 Rf8 24. c3 Nb8 25. Qg4 Nd7 26. f4 Nf6 27. Nxf6 Qxf6 28. f5 Rg8 29.
fxg6 fxg6 30. Rf3 Qe7 31. Rgf1 Rc7 32. Rf6 Qh7 33. Rxd6 Qxh6 34. Qf3 Qf4 35. Qh3+ Rh7 36. Qxh7+ Kxh7 37. Rxf4 exf4 38. Rf6 g5 39. Kc1 Kg7 40. Rf5 Kg6 41. Kd1 Kh5 42. Ke2 Kg4 43. Rf7 Re8 44.
Kd3 Kf3 45. Kd4 Rxe4+ 0-1

[Event "Late-Titled-Tuesday-Blitz-September-12-2023"]
[Site "Chess.com"]
[Date "2023.09.12"]
[Round "5"]
[White "Noki102"]
[Black "TatjanaVasilevich"]
[Result "0-1"]
[WhiteElo "2427"]
[BlackElo "2589"]
[TimeControl "180+1"]
[EndTime "14:53:26 PDT"]
[Termination "TatjanaVasilevich won by resignation"]

1. d4 Nf6 2. Nf3 e6 3. c4 Bb4+ 4. Nbd2 O-O 5. a3 Bxd2+ 6. Qxd2 b6 7. g3 Ba6 8. Qc2 c5 9. dxc5 bxc5 10. Bg2 Nc6 11. Bf4 Qe7 12. O-O Rfd8 13. Rac1 Rac8 14. Rfd1 d6 15. h3 h6 16. g4 e5 17. Bg3 e4 18.
Nh4 Nd4 19. Nf5 Nxf5 20. gxf5 e3 21. fxe3 Qxe3+ 22. Bf2 Qe7 23. Kh1 Bb7 24. Rg1 Bxg2+ 25. Rxg2 Kh7 26. Rcg1 Rg8 27. Bh4 Qe5 28. Bxf6 Qxf6 29.
Qe4 Rce8 30. Rxg7+ Rxg7 31. Rxg7+ Kxg7 32. Qxe8 Qxf5 33. Kg2 Qg5+ 34. Kf3 Qf5+ 35. Kg2 Qc2 36. Qe3 Qxc4 37. Qg3+ Kh7 38. Qxd6 Qxe2+ 39. Kg3 Qxb2 40. Qxc5 Qg7+ 41. Kf4 Qf6+ 42. Kg4 Qe6+ 43. Kf4 a6 44. h4 Qf6+ 45. Qf5+ Kg7 46. h5 Qxf5+ 47. Kxf5 Kg8 48. Kf6 Kf8 49. Ke5 Ke7 50. Kf5 a5 51. a4 Ke8 52.
Kf6 Kf8 53. Kf5 Ke7 54. Ke5 f6+ 55. Kf5 Kf7 56. Kf4 Ke6 57. Ke4 f5+ 58. Kf4 Kf6 59.
Ke3 Kg5 60. Kd4 f4 61. Kc5 f3 62. Kb5 f2 0-1

[Event "Late-Titled-Tuesday-Blitz-September-12-2023"]
[Site "Chess.com"]
[Date "2023.09.12"]
[Round "5"]
[White "only_strong_moves"]
[Black "santosalberto1987"]
[Result "0-1"]
[WhiteElo "2491"]
[BlackElo "2537"]
[TimeControl "180+1"]
[EndTime "14:53:26 PDT"]
[Termination "santosalberto1987 won by resignation"]

1. d4 d5 2. Nc3 Nf6 3. Bf4 e6 4.
Nb5 Bb4+ 5. c3 Ba5 6. e3 O-O 7. Nf3 a6 8. Na3 Bb6 9. b4 a5 10. Nc2 axb4 11. cxb4 Bd7 12. Bd3 Ba4 13. O-O Nc6 14.
a3 Nh5 15. Bxh7+ Kxh7 16. Ng5+ Kg6 17. Qd3+ f5 18. Nxe6 Qd7 19. Nxf8+ Rxf8 20. Bg3 Nxg3 21. fxg3 Qe6 22. g4 Qe4 23. Qxe4 fxe4 24. Rxf8 Bxc2 25. h4 Nxd4 26. Raf1 Ne6 27. Rb8 Bxe3+ 28. Kh1 d4 29. Re8 Nf4 30. g3 Nd5 31. Rf5 c6 32. Rh8 Nf6 33. h5+ Kf7 34. g5 Bxg5 35. Rxg5 d3 36.
Rd8 e3 37. Kg2 d2 38. Kf3 Nd5 39. Rdxd5 cxd5 40. Rxd5 d1=Q+ 41. Rxd1 Bxd1+ 42. Kxe3 Bxh5 43. a4 Bd1 44. a5 Ba4 45. Kd4 Kf6 46. Kc5 Bc6 47.
b5 Bf3 48. Kd4 Kg5 49. Ke3 Kg4 50. Kf2 Bd5 51. b6 Bc4 52. Kg2 Bd5+ 53. Kh2 g5 54. Kg1 Kxg3 55. Kf1 g4 56. Kg1 Bc6 57. Kf1 Kh2 58.
Kf2 g3+ 59. Ke3 g2 60. Kd4 g1=Q+ 61. Ke5 Qc5+ 62. Ke6 Qxa5 0-1

[Event "Late-Titled-Tuesday-Blitz-September-12-2023"]
[Site "Chess.com"]
[Date "2023.09.12"]
[Round "5"]
[White "GothamChess"]
[Black "Atanejhad"]
[Result "1-0"]
[WhiteElo "2734"]
[BlackElo "2473"]
[TimeControl "180+1"]
[EndTime "14:53:28 PDT"]
[Termination "GothamChess won on time"]

1. d4 d5 2. Bg5 h6 3. Bh4 Nf6 4.
Bxf6 exf6 5. e3 h5 6. c4 c6 7. cxd5 cxd5 8. Nc3 Nc6 9. Nge2 Be6 10. Nf4 Qd7 11. a3 h4 12. Be2 Be7 13. Bf3 g5 14. Nfxd5 g4 15. Be4 f5 16. Nxe7 fxe4 17. Nxc6 bxc6 18.
Nxe4 Qe7 19. Nc3 h3 20. g3 Rd8 21. Qa4 Bd7 22. Qxa7 Rh5 23. O-O-O Kf8 24. e4 Qd6 25.
e5 Qe6 26. Rhe1 Qb3 27. Rd2 Be6 28. Qc5+ Kg7 29. Qb4 Qxb4 30. axb4 Rb8 31. b5 cxb5 32. d5 Bd7 33. e6 fxe6 34. dxe6 Be8 35. Rd4 b4 36.
Rxg4+ Kf8 37. e7+ Kf7 38. Rf4+ Kg7 39. Rg4+ Kh7 40. Ne4 Rc8+ 41. Kb1 Bg6 42. Rxg6 Kxg6 43. Nd6 Rb8 44. e8=Q+ Rxe8 45. Nxe8 Rf5 46. f4 1-0

[Event "Late-Titled-Tuesday-Blitz-September-12-2023"]
[Site "Chess.com"]
[Date "2023.09.12"]
[Round "5"]
[White "ozates"]
[Black "Chaos_Magic"]
[Result "1-0"]
[WhiteElo "2559"]
[BlackElo "2410"]
[TimeControl "180+1"]
[EndTime "14:53:28 PDT"]
[Termination "ozates won on time"]

1. e4 e5 2. Nf3 Nc6 3. Bc4 Nf6 4.
d3 h6 5. O-O d6 6. d4 Bg4 7. Bb5 exd4 8. Qxd4 Bxf3 9. gxf3 Be7 10. Kh1 Qd7 11. Qd3 a6 12. Ba4 b5 13. Bb3 Ne5 14.
Qe3 Qh3 15. Nd2 Qh4 16. Rg1 g5 17. a4 bxa4 18. Bxa4+ Kf8 19. Bb5 Nh5 20. Rxa6 Rxa6 21. Bxa6 Nf4 22. Bf1 Bf6 23. b4 Nc6 24. c3 Be5 25. Rg3 Ke7 26. b5 Nd8 27. Nc4 f6 28. Nxe5 fxe5 29. b6 cxb6 30. Qxb6 Nde6 31. Ba3 Rd8 32.
c4 Nh5 33. c5 Nxg3+ 34. fxg3 Qh5 35. cxd6+ Kf6 36. Kg2 g4 37. fxg4 Qxg4 38. Qf2+ Kg7 39. Qf5 Qxf5 40. exf5 Nd4 41. g4 h5 42. h3 hxg4 43.
hxg4 1-0

[Event "Late-Titled-Tuesday-Blitz-September-12-2023"]
[Site "Chess.com"]
[Date "2023.09.12"]
[Round "5"]
[White "RETURNOFTHELAGGER"]
[Black "Vladimir_Zakhartsov"]
[Result "1-0"]
[WhiteElo "2661"]
[BlackElo "2863"]
[TimeControl "180+1"]
[EndTime "14:53:29 PDT"]
[Termination "RETURNOFTHELAGGER won by resignation"]

1. d4 d5 2. Nf3 Nf6 3. g3 c5 4. Bg2 cxd4 5. O-O h6 6. Nxd4 e5 7. Nb3 Nc6 8. c4 d4 9. e3 Be7 10. exd4 exd4 11. Bxc6+ bxc6 12. Qxd4 Be6 13. N1d2 Qc7 14.
c5 Rd8 15. Qa4 O-O 16. Nc4 Nd5 17. Re1 Rb8 18. Ne5 Nb4 19. Bf4 g5 20. Nxf7 gxf4 21. Nxh6+ Kh8 22. Rxe6 fxg3 23. hxg3 Qd7 24. Rae1 Bg5 25.
Ng4 Nd3 26. R1e2 Rb4 27. Qxc6 Qxc6 28. Rxc6 Rxg4 29. Kg2 Bf6 30. Rc7 Bxb2 31. Rxa7 Rg6 32. Rd7 Nf4+ 33. Kf3 Nxe2+ 34. Kxe2 Re6+ 35. Kf1 Ref6 36. f4 Rg8 37. Kf2 Ba3 38. Rd5 Rfg6 39. Nd4 Rc6 40. Nxc6 Rc8 41. Rd8+ Rxd8 42. Nxd8 Bxc5+ 43. Kf3 Ba3 44. g4 Kg8 45. Ne6 Kf7 46. Ng5+ Kg8 47. Ke4 1-0

[Event "Late-Titled-Tuesday-Blitz-September-12-2023"]
[Site "Chess.com"]
[Date "2023.09.12"]
[Round "5"]
[White "Marielchessy"]
[Black "reevecanada"]
[Result "1-0"]
[WhiteElo "2341"]
[BlackElo "2499"]
[TimeControl "180+1"]
[EndTime "14:53:29 PDT"]
[Termination "Marielchessy won by checkmate"]

1. e4 c5 2. Nf3 d6 3. d4 cxd4 4. Nxd4 Nf6 5. Nc3 a6 6. Be2 e5 7. Nb3 Be6 8. a4 Be7 9. O-O d5 10. exd5 Nxd5 11. Nxd5 Bxd5 12. c4 Bc6 13. Qxd8+ Bxd8 14. Be3 Nd7 15. f4 Bf6 16. Na5 exf4 17. Bxf4 Bxb2 18. Rab1 Bd4+ 19. Kh1 Be4 20. Nxb7 Bxb1 21. Rxb1 O-O 22. Nd6 Be5 23. Bxe5 Nxe5 24. c5 Rfb8 25. Rc1 Ra7 26. Kg1 Rc7 27. Bxa6 Nd7 28. Bc4 Rxc5 29.
Bxf7+ Kf8 30. Rd1 Ke7 31. Ne4 Re5 32. Bd5 Nb6 33. Bc6 Rc8 34. Bb7 Rc7 35. Nd6 Rd7 36. a5 Nc4 37. Nc8+ Kd8 38. Rxd7+ Kxd7 39. a6 Kc7 40.
Kf2 Na5 41. Nd6 Nxb7 42. axb7 Re6 43. Nf5 g6 44. Nd4 Re7 45. b8=Q+ Kxb8 46. Nc6+ Kc7 47. Nxe7 Kd6 48. Ng8 Ke6 49. Kf3 Kf7 50. Nh6+ Kf6 51. Ng4+ Kf5 52. Ne3+ Kg5 53. g3 Kh6 54. h4 Kh5 55.
Kf4 h6 56. Ng2 g5+ 57. hxg5 hxg5+ 58. Kf3 Kh6 59. Kg4 Kg6 60. Ne1 Kf6 61. Nf3 Kg6 62.
Nxg5 Kh6 63. Kf5 Kg7 64. Ne4 Kh8 65. Kg6 Kg8 66. g4 Kh8 67. g5 Kg8 68. Kf6 Kh8 69. Kf7 Kh7 70. Kf6 Kh8 71. Kg6 Kg8 72. Kh6 Kh8 73. g6 Kg8 74. g7 Kf7 75. Kh7 Ke7 76. g8=Q Kd7 77. Qg6 Kc7 78. Qd6+ Kb7 79. Qc5 Ka6 80.
Qb4 Ka7 81. Kg6 Ka8 82. Kf6 Ka7 83. Ke6 Ka8 84. Kd6 Ka7 85. Kc7 Ka8 86. Qb7# 1-0

[Event "Late-Titled-Tuesday-Blitz-September-12-2023"]
[Site "Chess.com"]
[Date "2023.09.12"]
[Round "5"]
[White "CFalcons8"]
[Black "guillembaches"]
[Result "0-1"]
[WhiteElo "2296"]
[BlackElo "2514"]
[TimeControl "180+1"]
[EndTime "14:53:31 PDT"]
[Termination "guillembaches won by resignation"]

1. e4 c5 2. Nf3 d6 3. d4 cxd4 4.
Nxd4 Nf6 5. Nc3 Nc6 6. Bg5 e6 7. f4 h6 8. Bh4 Qb6 9. Nb3 Qe3+ 10. Qe2 Qxf4 11. Bg3 Qg4 12. O-O-O Qxe2 13. Bxe2 Bd7 14. Bxd6 Bxd6 15. Rxd6 Ke7 16. Rhd1 Ne5 17. h3 Rhd8 18. Nc5 Bc6 19. Rxd8 Rxd8 20. Rxd8 Kxd8 21. Nd3 Nfd7 22. Nxe5 Nxe5 23. Kd2 Ke7 24. Ke3 Kd6 25. b4 b6 26.
a4 f5 27. g3 g5 28. exf5 exf5 29. b5 Bg2 30. h4 Bb7 31. Kd4 f4 32. gxf4 gxf4 33.
Ne4+ Ke6 34. c4 f3 35. Bf1 Bxe4 36. Kxe4 Kd6 37. Kd4 Ke6 38. Bh3+ Kd6 39. Bf1 f2 40. Ke3 Ng4+ 41. Kf3 h5 42. Be2 Kc5 43. Kf4 Kb4 44.
Kg5 Ne3 45. Kxh5 f1=Q 46. Bxf1 Nxf1 47. Kg4 Ne3+ 48. Kf4 Ng2+ 49. Kg5 Nxh4 50. Kxh4 Kxc4 0-1

[Event "Late-Titled-Tuesday-Blitz-September-12-2023"]
[Site "Chess.com"]
[Date "2023.09.12"]
[Round "5"]
[White "Alphafischer2019"]
[Black "bascheyaro"]
[Result "0-1"]
[WhiteElo "2567"]
[BlackElo "2824"]
[TimeControl "180+1"]
[EndTime "14:53:32 PDT"]
[Termination "bascheyaro won by checkmate"]

1. Nf3 d5 2. b3 Nf6 3. Bb2 Bf5 4. g3 c5 5. Bg2 Nc6 6. d3 e6 7. Nh4 Bg4 8. h3 Bh5 9. g4 Bg6 10. Nxg6 hxg6 11. e3 Bd6 12. Nd2 d4 13. Nc4 dxe3 14. Nxe3 Qc7 15. Nc4 Bf4 16. a4 g5 17. Qf3 Rd8 18.
O-O Nd4 19. Bxd4 cxd4 20. Qxb7 Qxb7 21. Bxb7 Rxh3 22. Kg2 Rh4 23. Rh1 Rxg4+ 24. Kf3 Ke7 25. b4 Bc7 26. a5 Rf4+ 27. Ke2 Rf5 28. Rab1 Rb8 29. Bg2 Ng4 30. Rhf1 Rfb5 31. Rh1 Ne5 32. Nxe5 Bxe5 33. Rb3 Rxb4 34. Rhb1 Rxb3 35. Rxb3 Rxb3 36. cxb3 Bd6 37. a6 g4 38. Bb7 f5 39. Kf1 Kf6 40.
Kg2 e5 41. Bc6 Kg5 42. Bd5 Kf4 43. Kf1 e4 44. Ke2 e3 45. fxe3+ dxe3 46. Bc6 Bc5 47. d4 Bxd4 48. b4 Ke5 49. b5 Bb6 50. Bd7 g5 51. Bc8 g3 52. Kf3 g4+ 53. Ke2 g2 54.
Bxf5 g1=Q 55. Kd3 Qd1+ 56. Kc4 Qd4+ 57. Kb3 Ba5 58. Be6 Qc3+ 59. Ka2 Bb4 60. Bb3 Ba3 61.
Kxa3 e2 62. b6 e1=Q 63. Ka4 Qea1+ 64. Kb5 Qaa5# 0-1

[Event "Late-Titled-Tuesday-Blitz-September-12-2023"]
[Site "Chess.com"]
[Date "2023.09.12"]
[Round "5"]
[White "jk13"]
[Black "Eloist"]
[Result "1-0"]
[WhiteElo "2675"]
[BlackElo "2492"]
[TimeControl "180+1"]
[EndTime "14:53:32 PDT"]
[Termination "jk13 won by resignation"]

1. e4 e6 2. d4 d5 3. Nd2 c5 4. exd5 Qxd5 5. Ngf3 cxd4 6. Bc4 Qd6 7. O-O Nf6 8. Nb3 Nc6 9. Nbxd4 Nxd4 10. Nxd4 a6 11.
a4 Qc7 12. Bb3 Bd6 13. h3 O-O 14. Re1 e5 15. Nf3 e4 16. Nd4 Bh2+ 17. Kh1 Bf4 18. c3 Bd7 19. Bxf4 Qxf4 20. Qc1 Qxf2 21. Rf1 Qg3 22.
Ne2 Qe5 23. Qe3 Be6 24. Bxe6 fxe6 25. Qb6 Rf7 26. Nd4 Re8 27. Rae1 Nd5 28. Qb3 Ref8 29. Rxf7 Rxf7 30. Qc4 Rc7 31. Qe2 e3 32. Nc2 Rf7 33. Qd3 Rf2 34. Nxe3 Nxe3 35. Rxe3 Qd5 36. Qxd5 exd5 37. b4 Ra2 38. a5 Ra3 39. Rd3 Kf7 40. Rxd5 Ke6 41. Rc5 Kd6 42. Kh2 Ra2 43. h4 Rc2 44. Kh3 h5 45. g3 g6 46. Rg5 Rxc3 47. Rxg6+ Kd5 48. Rg5+ Kc4 49. Rxh5 Kxb4 50. Rg5 Rc5 51.
Rxc5 Kxc5 52. h5 Kb4 53. h6 Kxa5 54. h7 1-0

[Event "Late-Titled-Tuesday-Blitz-September-12-2023"]
[Site "Chess.com"]
[Date "2023.09.12"]
[Round "5"]
[White "DeTimmerman"]
[Black "Arteler"]
[Result "1-0"]
[WhiteElo "2637"]
[BlackElo "2474"]
[TimeControl "180+1"]
[EndTime "14:53:32 PDT"]
[Termination "DeTimmerman won by resignation"]

1. b4 e5 2. Bb2 d6 3. e3 Nf6 4. c4 Be7 5. a4 O-O 6. Nf3 Bg4 7. Be2 Nbd7 8. b5 e4 9. Nd4 Bxe2 10. Qxe2 Ne5 11.
O-O Qd7 12. Nc3 c5 13. bxc6 bxc6 14. f4 Nd3 15. Ba3 c5 16. Nxe4 cxd4 17. Qxd3 dxe3 18. dxe3 Nxe4 19. Qxe4 Rfe8 20. Qd5 Bf6 21. Rae1 Qxa4 22. Bxd6 Rac8 23. c5 Bc3 24. Re2 Qb5 25. Ra2 a5 26. e4 Bb4 27. Rc1 a4 28. e5 a3 29. Qc4 Qa5 30. c6 Bd2 31. Rd1 Qb6+ 32. Kf1 Rxc6 33. Qe4 Rxd6 34. Rdxd2 Rxd2 35. Rxd2 Rc8 36. Qa4 Qe3 37.
Rd1 g6 38. Re1 Qd3+ 39. Kf2 Rc2+ 40. Kg1 Qd4+ 41. Qxd4 a2 42. Qd8+ Kg7 43. Qa8 Kh6 44.
Rf1 Rb2 45. Qa6 Kg7 46. h4 h5 47. g3 Rc2 48. Qd3 1-0

[Event "Late-Titled-Tuesday-Blitz-September-12-2023"]
[Site "Chess.com"]
[Date "2023.09.12"]
[Round "5"]
[White "jup1978"]
[Black "traack"]
[Result "0-1"]
[WhiteElo "2470"]
[BlackElo "2366"]
[TimeControl "180+1"]
[EndTime "14:53:32 PDT"]
[Termination "traack won on time"]

1. d4 Nf6 2. c4 e6 3. Nf3 d5 4.
g3 Bb4+ 5. Bd2 Be7 6. Bg2 O-O 7.
O-O c6 8. Bc3 Ne4 9. Nbd2 f5 10.
Ne5 Nd7 11. Nxd7 Bxd7 12. f3 Nd6 13. b3 a5 14. e4 fxe4 15. fxe4 Rxf1+ 16. Qxf1 dxe4 17. Nxe4 Nxe4 18. Bxe4 Bf6 19. Qd3 h6 20. Rf1 a4 21.
b4 a3 22. Kg2 Rc8 23. Bd2 Qb6 24.
c5 Qd8 25. Bf4 Be8 26. Rd1 Bh5 27. Rd2 Qd7 28. Bd6 Re8 29. Rf2 e5 30. d5 Bf7 31.
dxc6 bxc6 32. Qxa3 Bd5 33. Qf3 Qe6 34. Rd2 Ra8 35.
a4 Bxe4 36. Qxe4 Rxa4 37. Qxc6 Rxb4 38. Qa8+ Kh7 39. Qa1 e4 40. Qe1 Bc3 41. Qe2 Bxd2 42. Qxd2 e3 43. Qe2 Qe4+ 44. Kh3 Qf5+ 45. Kg2 Qe4+ 46. Kh3 Rc4 47. Qh5 Rc2 48. c6 Rxc6 49. Bf4 Rc2 0-1

[Event "Late-Titled-Tuesday-Blitz-September-12-2023"]
[Site "Chess.com"]
[Date "2023.09.12"]
[Round "5"]
[White "kaponerde"]
[Black "HajiyevKanan"]
[Result "0-1"]
[WhiteElo "2261"]
[BlackElo "2512"]
[TimeControl "180+1"]
[EndTime "14:53:34 PDT"]
[Termination "HajiyevKanan won on time"]

1. e4 c6 2. c4 d5 3. cxd5 cxd5 4. exd5 Nf6 5. Qa4+ Nbd7 6. Nc3 g6 7. Bc4 Bg7 8.
Nf3 O-O 9. d3 Nb6 10. Qb3 Bg4 11.
Ne5 Rc8 12. O-O Bf5 13. Re1 Ne8 14. Bf4 Nd6 15. Rad1 Qc7 16. Nb5 Nxb5 17. Qxb5 Qc5 18. Qb3 Qa5 19. Bd2 Qa4 20. Qxa4 Nxa4 21. b3 Nb2 22. Rb1 Bxe5 23. Rxe5 Nxd3 24. Rxe7 Nxf2 25. Rf1 Ne4 26. Bh6 Rfe8 27. Rxe8+ Rxe8 28. Bf4 a6 29.
d6 Rd8 30. Rd1 g5 31. Be5 Be6 32. Bd3 Nc5 33. Be2 h6 34. Bf6 Rd7 35. Be7 Kg7 36. Bf3 a5 37. Rc1 Na6 38. Rc8 Kg6 39.
Rg8+ Kf5 40. Rh8 Kg6 41. Be4+ f5 42. Bd3 Nc5 43. Bc2 Ne4 44. Bxe4 fxe4 0-1

[Event "Late-Titled-Tuesday-Blitz-September-12-2023"]
[Site "Chess.com"]
[Date "2023.09.12"]
[Round "5"]
[White "FeketeBarika"]
[Black "kai_nov"]
[Result "0-1"]
[WhiteElo "2365"]
[BlackElo "2248"]
[TimeControl "180+1"]
[EndTime "14:53:35 PDT"]
[Termination "kai_nov won by checkmate"]

1. Nf3 d5 2. g3 f6 3. d4 c5 4. c3 Nc6 5. Bg2 cxd4 6. cxd4 e6 7. O-O Bd6 8. Nc3 f5 9. Bf4 Nf6 10. Rc1 a6 11. Na4 O-O 12. Ne5 Ne7 13. h4 Nh5 14.
e3 Nxf4 15. exf4 Bxe5 16. dxe5 b6 17. Qb3 Rb8 18. Nc5 Kf7 19. Rfd1 Qe8 20. a4 Nc6 21. Nxe6 Bxe6 22. Bxd5 Nd8 23. Rc7+ Kg8 24. h5 h6 25.
Kg2 Kh8 26. Bxe6 Nxe6 27. Ra7 Qc6+ 28. Kg1 Rbd8 29. Rf1 Nd4 30. Qe3 Nf3+ 31. Kh1 Nxe5+ 32. f3 Nd7 33. Qe7 Qc4 34. Kg2 Qf7 35. Qe5 Qf6 36. Qe3 Nc5 37. Re1 Rde8 38. Qxe8 Rxe8 39. Rxe8+ Kh7 40.
Ree7 Qxb2+ 41. Kh3 Qa1 42. a5 Qh1# 0-1

[Event "Late-Titled-Tuesday-Blitz-September-12-2023"]
[Site "Chess.com"]
[Date "2023.09.12"]
[Round "5"]
[White "platy3"]
[Black "wadsy27"]
[Result "1-0"]
[WhiteElo "2890"]
[BlackElo "2608"]
[TimeControl "180+1"]
[EndTime "14:53:39 PDT"]
[Termination "platy3 won on time"]

1. e4 c5 2. Nf3 e6 3. b3 d5 4.
Bb5+ Bd7 5. Bxd7+ Nxd7 6. exd5 exd5 7. O-O Ngf6 8. d4 Be7 9. Re1 O-O 10. Bb2 c4 11.
Nbd2 b5 12. a4 Rc8 13. c3 a6 14. axb5 axb5 15. bxc4 bxc4 16. Ne5 Nxe5 17. dxe5 Nd7 18. Qg4 Rc6 19. Nf3 Rg6 20. Qf5 Nc5 21. Ba3 Nb3 22.
Bxe7 Qxe7 23. Rad1 Qe6 24. Qh5 Rh6 25. Qg5 Rg6 26. Qf4 Rg4 27. Qe3 Qg6 28. g3 Re4 29. Qa7 Rxe1+ 30. Rxe1 Qc2 31. Re3 Nc1 32. Nd4 Qd1+ 33.
Kg2 Nd3 34. Re2 Ne1+ 35. Kh3 Nd3 36. e6 Qf1+ 37. Kh4 Nxf2 38. exf7+ Kh8 39. Qd7 Ne4 40. Ne6 Qf6+ 41. Kh3 Ng5+ 42. Nxg5 Qxg5 43. Re8 Qh5+ 44. Kg2 1-0

[Event "Late-Titled-Tuesday-Blitz-September-12-2023"]
[Site "Chess.com"]
[Date "2023.09.12"]
[Round "5"]
[White "Jaka_Brilej"]
[Black "AndreiITrifan"]
[Result "0-1"]
[WhiteElo "2450"]
[BlackElo "2650"]
[TimeControl "180+1"]
[EndTime "14:53:39 PDT"]
[Termination "AndreiITrifan won by resignation"]

1. d4 Nf6 2. Bg5 d5 3. Bxf6 exf6 4. e3 g6 5. g3 Bg7 6. Bg2 O-O 7. Ne2 c6 8. O-O Nd7 9. Nd2 f5 10. c4 Nf6 11.
Qb3 dxc4 12. Nxc4 Be6 13. Qc2 Rc8 14. Qd3 Bd5 15. Rfd1 Re8 16. Nf4 Bxg2 17. Kxg2 Nd5 18. Ne2 Nf6 19. Rac1 Qd5+ 20. Kg1 Rcd8 21. Nf4 Qf3 22.
Na5 Re7 23. Qe2 Qe4 24. Qc2 Qf3 25. Qe2 Qxe2 26. Nxe2 Ne4 27. Nf4 h5 28. h4 Bh6 29.
Ng2 Red7 30. Nb3 Bf8 31. Nf4 c5 32. Kg2 b6 33. f3 Nf6 34. Kf2 a5 35. a4 cxd4 36.
Rxd4 Rxd4 37. Nxd4 Bc5 38. Nfe2 Nd5 39. b3 Re8 40. Nf4 Nxe3 41. Nfe2 Nd5 42. Kf1 Ne3+ 43. Kf2 Nd5 44. Kf1 Nb4 45. Rd1 Re3 46. Kf2 Rxb3 47. Rc1 Nd3+ 48. Kf1 Nxc1 49. Nxc1 Rb1 50. Nb3 Be3 51.
Ke2 Bxc1 0-1

[Event "Late-Titled-Tuesday-Blitz-September-12-2023"]
[Site "Chess.com"]
[Date "2023.09.12"]
[Round "5"]
[White "Gyulamiryan-koryun"]
[Black "IngOscarArdila"]
[Result "0-1"]
[WhiteElo "2006"]
[BlackElo "2273"]
[TimeControl "180+1"]
[EndTime "14:53:40 PDT"]
[Termination "IngOscarArdila won on time"]

1. e4 e5 2. Nf3 Nf6 3. Nxe5 d6 4. Nf3 Nxe4 5. d4 Be7 6. Bd3 d5 7.
O-O O-O 8. c4 c6 9. Nc3 Nxc3 10.
bxc3 Bf6 11. cxd5 cxd5 12. Re1 Nc6 13. Ba3 Re8 14. Rxe8+ Qxe8 15. Qd2 Bg4 16. Re1 Qd7 17. Ne5 Nxe5 18. dxe5 Be7 19. Bb2 Rc8 20. h3 Be6 21.
f4 Bc5+ 22. Kh2 g6 23. g4 Kh8 24. Be2 Qa4 25. Bc1 d4 26. Bd1 Qxa2 27. Qxa2 Bxa2 28. cxd4 Bxd4 29. Bf3 Rc2+ 30. Kh1 Bf2 31. Be4 Rc3 32. Re2 Rxc1+ 33. Kg2 Bc4 34. Rxf2 b5 35. Rd2 Kg7 36.
f5 gxf5 37. gxf5 b4 38. f6+ Kh6 39. Rd4 b3 40. Bf5 Kg5 41. Bd7 Rc2+ 42. Kf3 Rc3+ 43. Kg2 b2 44. Rg4+ Kh5 45. Bf5 Bd5+ 46. Kh2 Rf3 47. Bb1 Be6 0-1

[Event "Late-Titled-Tuesday-Blitz-September-12-2023"]
[Site "Chess.com"]
[Date "2023.09.12"]
[Round "5"]
[White "Mariia89"]
[Black "AleksandrAleksikov"]
[Result "1-0"]
[WhiteElo "2020"]
[BlackElo "2244"]
[TimeControl "180+1"]
[EndTime "14:53:40 PDT"]
[Termination "Mariia89 won on time"]

1. d4 Nf6 2. Nf3 g6 3. c4 Bg7 4. Nc3 d6 5. e4 O-O 6. Be2 e5 7. O-O Na6 8. Re1 c6 9. Rb1 Qe7 10. Bf1 Re8 11. a3 Bg4 12. d5 c5 13. b4 Rec8 14. h3 Bd7 15. Be3 b6 16. Qd2 Rf8 17.
Bg5 Qe8 18. Bh6 Nh5 19. Bxg7 Kxg7 20. b5 Nc7 21. g3 f5 22. Bg2 f4 23. g4 Nf6 24. a4 h6 25. Ra1 a5 26. bxa6 Nxa6 27. Nb5 Bxb5 28. axb5 Nb4 29. Qc3 Qe7 30. g5 Nxe4 31. Rxe4 Rxa1+ 32. Qxa1 hxg5 33. Re1 Kf6 34. Nd2 g4 35. hxg4 Qd7 36. Ne4+ Kg7 37. Bf3 Nc2 38. Qd1 Nxe1 39. Qxe1 Rh8 40. Kg2 Qe7 41. Qg1 Qh4 42. Kf1 Qh3+ 43. Ke2 Rd8 44. Qa1 Rd7 45. Qa8 Qh8 46. Qc6 Qd8 47. g5 Kf7 48. Bg4 Ra7 49. Nxd6+ Kg7 50. Ne4 1-0

[Event "Late-Titled-Tuesday-Blitz-September-12-2023"]
[Site "Chess.com"]
[Date "2023.09.12"]
[Round "5"]
[White "Piotrek1979"]
[Black "m_ezat"]
[Result "0-1"]
[WhiteElo "2461"]
[BlackElo "2658"]
[TimeControl "180+1"]
[EndTime "14:53:43 PDT"]
[Termination "m_ezat won by resignation"]

1. Nf3 b5 2. g3 Bb7 3. Bg2 Nf6 4.
O-O e6 5. a4 b4 6. d3 c5 7. e4 d6 8. Nbd2 Nbd7 9. b3 Be7 10.
Bb2 O-O 11. Re1 Ng4 12. h3 Nge5 13. a5 a6 14. Nh2 Nc6 15. Nc4 Nde5 16. Nxe5 dxe5 17.
Nf3 f6 18. h4 Nxa5 19. Bh3 Bc8 20. Nd2 Nc6 21. Nc4 Nd4 22. Bxd4 exd4 23. e5 f5 24. f4 Bb7 25. Bg2 Bd5 26. Na5 Qd7 27. Bxd5 Qxd5 28.
Qe2 Bd8 29. Qg2 Qxg2+ 30. Kxg2 Bc7 31. Kf3 Kf7 32. h5 Ke7 33. Nb7 Kd7 34. Nxc5+ Ke7 35. Nxa6 Rfc8 36. Nxc7 Rxa1 37. Rxa1 Rxc7 38. Ra2 Kf7 39.
Ke2 g6 40. hxg6+ Kxg6 41. Kd2 Kh5 42. Ra6 Re7 43. Rb6 Kg4 44. Rxb4 Kxg3 45. Rxd4 h5 46. Ke3 h4 47. Rd8 Rg7 48. Rh8 h3 49. b4 h2 50.
b5 Kg2 51. Rxh2+ Kxh2 52. c4 Rc7 53. Kd4 Kg3 54. b6 Rd7+ 55. Kc3 Kxf4 56. c5 Kxe5 57. c6 Kd6 58. cxd7 Kxd7 59. Kd4 Kc6 60. Ke5 Kxb6 61.
d4 Kc6 62. d5+ exd5 63. Kxf5 Kc5 64. Kf4 Kd4 65. Kf3 Kd3 0-1

[Event "Late-Titled-Tuesday-Blitz-September-12-2023"]
[Site "Chess.com"]
[Date "2023.09.12"]
[Round "5"]
[White "Gogolev_Artemy"]
[Black "Valio_M1948"]
[Result "1/2-1/2"]
[WhiteElo "2413"]
[BlackElo "2552"]
[TimeControl "180+1"]
[EndTime "14:53:43 PDT"]
[Termination "Game drawn - insufficient material"]

1. d4 d5 2. c4 dxc4 3. e4 e5 4. Nf3 Nf6 5. Nc3 exd4 6. Nxd4 Bc5 7. Be3 Ng4 8. Qa4+ Bd7 9. Qxc4 Nxe3 10. Qxc5 Nxf1 11. Rxf1 Nc6 12. O-O-O Qe7 13. Qxe7+ Nxe7 14. f4 O-O-O 15. h3 h5 16. Nf3 f6 17. e5 Nf5 18.
exf6 gxf6 19. Rfe1 Rhe8 20. Rxe8 Rxe8 21. Nd5 Ne3 22. Nxf6 Nxd1 23. Nxe8 Ne3 24. Nf6 Nxg2 25. Nxh5 Bxh3 26. Nd4 Ne3 27. Kd2 Nc4+ 28. Kc3 Nd6 29. Ng7 Kd7 30. b4 Bg4 31. f5 c6 32. Kd3 Ke7 33.
Ke3 Kf6 34. Nge6 Bxf5 35. Nd8 Bc8 36. N4xc6 bxc6 37. Nxc6 a6 38. Kd4 Ke6 39. a4 Bd7 40. Kc5 Ne4+ 41. Kb6 Kd6 42. Nd4 Bxa4 43. Kxa6 Bd1 44.
b5 Be2 45. Ka7 Bc4 46. b6 Nc5 47. b7 Nxb7 48. Kxb7 1/2-1/2

[Event "Late-Titled-Tuesday-Blitz-September-12-2023"]
[Site "Chess.com"]
[Date "2023.09.12"]
[Round "5"]
[White "GiorgianBarbosa"]
[Black "SCIM"]
[Result "0-1"]
[WhiteElo "2427"]
[BlackElo "2586"]
[TimeControl "180+1"]
[EndTime "14:53:47 PDT"]
[Termination "SCIM won on time"]

1. d4 d5 2. Nf3 Nf6 3. Bf4 e6 4. e3 Bd6 5. Bg3 O-O 6. Bd3 Nc6 7. c3 Ne7 8. Ne5 Nf5 9. Nd2 Bd7 10. Bf4 a6 11. g4 Nh4 12. g5 Ng2+ 13. Kf1 Nxf4 14.
exf4 Ne8 15. Qh5 g6 16. Qh6 Bb5 17. Bxb5 axb5 18. Qh3 Ng7 19. Qg4 f5 20. Qe2 Nh5 21. Qe3 Bxe5 22. dxe5 Ra4 23. b4 Qa8 24. Kg2 b6 25.
Nb3 d4+ 26. Qf3 Nxf4+ 27. Kg3 Nh5+ 28. Kg2 dxc3 29. Qxa8 Rfxa8 30. Rac1 Nf4+ 31. Kf3 Nd5 32. Nd4 Kf7 33. Nxb5 Rxa2 34. Rhd1 Rb2 35. Rd3 Raa2 36. Nxc3 Rxf2+ 37. Kg3 Rg2+ 38. Kh3 Rxh2+ 39. Kg3 Rag2+ 40. Kf3 Rf2+ 41. Kg3 f4+ 42. Kg4 Rfg2+ 43. Kf3 Rg3+ 44. Ke4 Rxd3 45. Kxd3 Rh3+ 46. Kd4 Rxc3 47. Rxc3 Nxc3 48. Kxc3 h5 49. gxh6 g5 50. Kd4 Kg6 51. Ke4 Kxh6 52. b5 Kg6 53. Kf3 Kf5 0-1